 Dungeon Crawl Stone Soup version 0.21.1-1-g345015f (webtiles) character file.

152 letownia2 the Charmwright (level 5, 0/61 HPs)
             Began as a Merfolk Skald on Mar 16, 2018.
             Succumbed to a kobold's poison
             ... on level 3 of the Dungeon.
             The game lasted 00:06:52 (995 turns).

letownia2 the Charmwright (Merfolk Skald)            Turns: 995, Time: 00:06:52

Health: 0/61       AC: 22    Str: 11    XL:     5   Next: 34%
Magic:  8/8        EV:  2    Int: 19    God:
Gold:   137        SH:  0    Dex: 13    Spells: 2/8 levels left

rFire    . . .     SeeInvis .   b - +0 dagger (venom)
rCold    . . .     Gourm    .   (no shield)
rNeg     + + +     Faith    .   (armour currently unavailable)
rPois    +         Spirit   .   (helmet currently unavailable)
rElec    .         Reflect  .   (cloak currently unavailable)
rCorr    .         Harm     .   (gloves currently unavailable)
MR       .....     NoTele   +   (boots currently unavailable)
Stlth    +.........             (no amulet)
HPRegen  0.20/turn              (no ring)
MPRegen  0.11/turn              (no ring)

@: brilliant, lethally poisoned (0 -> -3), tree-form
A: (change form in water), (swift swim), (stealthy swim)
a: no special abilities


You were on level 3 of the Dungeon.
You were hungry.
You were a tree.
You visited 1 branch of the dungeon, and saw 3 of its levels.

You collected 137 gold pieces.

Inventory:

Hand Weapons
 a - a +0 spear
 b - a +0 dagger of venom (weapon)
Armour
 e - a +0 pair of boots (melded)
 f - a +0 ring mail
 j - a +0 helmet (melded)
 q - a cursed +0 ring mail
 r - a +0 leather armour (melded)
Scrolls
 g - 3 scrolls of identify {unknown}
 h - a scroll of teleportation {unknown}
 l - a scroll of enchant weapon {unknown}
 m - 2 scrolls of fear {unknown}
 p - a scroll of immolation {unknown}
Books
 c - a book of Battle

   Spells                             Type                      Level
   a - Infusion                       Charms                       1
   b - Shroud of Golubria             Charms/Translocation         2
   c - Song of Slaying                Charms                       2
   d - Spectral Weapon                Hexes/Charms                 3
   e - Regeneration                   Charms/Necromancy            3
 k - a book of Callings

   Spells                             Type                      Level
   a - Summon Small Mammal            Summoning                    1
   b - Call Imp                       Summoning                    2
   c - Call Canine Familiar           Summoning                    3
   d - Summon Guardian Golem          Hexes/Summoning              3
   e - Summon Lightning Spire         Summoning/Air                4
   f - Summon Ice Beast               Ice/Summoning                4
Comestibles
 d - 5 rations


   Skills:
 + Level 3.2 Fighting
 + Level 4.3 Polearms
 - Level 0.6 Armour
 - Level 2.6 Dodging
 - Level 2.0 Spellcasting
 - Level 1.2 Hexes
 - Level 4.7 Charms
 - Level 1.1 Translocations


You had 2 spell levels left.
You knew the following spells:

 Your Spells              Type           Power        Failure   Level  Hunger
a - Infusion              Chrm           ####         1%          1    #......
t - Shroud of Golubria    Chrm/Tloc      ###.......   1%          2    ###....
x - Spectral Weapon       Hex/Chrm       ###.....     1%          3    ###....


Dungeon Overview and Level Annotations

Branches:
Dungeon (3/15)

Altars:
Nemelex Xobeh
Qazlal


Message History

You feel sick.
It was a potion of magic.
Magic courses through your body.
Your shroud begins to fray at the edges.
* * * LOW HITPOINT WARNING * * *
You feel sick.
Unknown command.
* * * LOW HITPOINT WARNING * * *
You feel sick.
* * * LOW HITPOINT WARNING * * *
You feel sick.
* * * LOW HITPOINT WARNING * * *
You feel sick.
* * * LOW HITPOINT WARNING * * *
You feel sick.
Your shroud unravels.
* * * LOW HITPOINT WARNING * * *
You feel sick.
* * * LOW HITPOINT WARNING * * *
You feel sick.
You die...

... ... .. .. .# .
.# # #. ##)#.# # ..
##♣.#.##.#
###.###........#
#...........#..#
#.##....(.......
#.##.##(....#..#
#.##.....#....[#
#.#####....##.##
#####.#####.#.###.#
#<[..)......[.....#


There were no monsters in sight!

Vanquished Creatures
  An orc wizard (D:3)
  6 adders
  An ooze (D:2)
  3 dart slugs
  2 leopard geckos (D:1)
  3 orcs (D:3)
  A ball python (D:2)
  5 bats
  A giant cockroach (D:1)
  4 hobgoblins
  3 jackals (D:1)
  4 kobolds
  2 quokkas (D:2)
  4 frilled lizards
  6 goblins
  10 rats
56 creatures vanquished.

Notes
Turn   | Place    | Note
-------+----------+-------------------------------------------
     0 | D:1      | letownia2 the Merfolk Skald began the quest for the Orb.
     0 | D:1      | Reached XP level 1. HP: 16/16 MP: 3/3
    98 | D:1      | Reached XP level 2. HP: 7/22 MP: 1/5
   132 | D:2      | Found a stormy altar of Qazlal.
   137 | D:2      | Found a sparkling altar of Nemelex Xobeh.
   159 | D:1      | Learned a level 2 spell: Shroud of Golubria
   245 | D:1      | Reached XP level 3. HP: 9/27 MP: 0/6
   251 | D:1      | Learned a level 3 spell: Spectral Weapon
   444 | D:2      | Reached skill level 1 in Hexes
   444 | D:2      | Reached skill level 1 in Translocations
   519 | D:2      | Reached XP level 4. HP: 18/33 MP: 0/7
   836 | D:3      | Reached XP level 5. HP: 27/40 MP: 0/8
   989 | D:3      | HP: 3/61 [poisoned by a kobold]
   994 | D:3      | HP: 1/61 [poisoned by a kobold]
   995 | D:3      | Succumbed to a kobold's poison

Skill      XL: |  1  2  3  4  5 |
---------------+----------------+-----
Charms         | 4 |  4.7
Hexes          | 1 |  1.2
Translocations | 1 |  1.1
Fighting       | 3 |  3.2
Polearms       | 4 |  4.3
Armour         | |  0.6
Dodging        | |  2.6
Spellcasting   | |  2.0

Action                   |  1- 3 |  4- 6 || total
-------------------------+-------+-------++-------
Melee: Spear             |   112 |    82 ||   194
       Dagger            |       |     4 ||     4
 Cast: Infusion          |    14 |     9 ||    23
       Shroud of Golubri |     2 |     4 ||     6
       Spectral Weapon   |       |     1 ||     1
  Use: Potion            |       |     3 ||     3
 Stab: Sleeping          |     1 |       ||     1
  Eat: Chunk             |       |     1 ||     1
Armor: Leather armour    |    26 |    23 ||    49
Dodge: Dodged            |    78 |    28 ||   106
